 Dungeon Crawl Stone Soup version 0.19-a0-305-g4c536b9 (webtiles) character file.

242 GlassEater the Sneak (level 5, -4/22 HPs)
             Began as a Felid Enchanter on May 28, 2016.
             Killed by divine providence
             ... invoked by an orc priest
              (14 damage)
             ... on level 4 of the Dungeon.
             The game lasted 00:06:55 (3217 turns).

GlassEater the Sneak (Felid Enchanter)              Turns: 3217, Time: 00:06:56

Health: -4/22      AC:  1    Str:  4    XL:     5   Next: 81%
Magic:  10/10      EV: 19    Int: 17    God:
Gold:   215        SH:  0    Dex: 17    Spells: 3 memorised, 3 levels left
                                        Lives:  0   Deaths: 1

rFire  . . .     SeeInvis +       - Unarmed
rCold  . . .     Gourm    .     (armour unavailable)
rNeg   . . .     Faith    .     (shield unavailable)
rPois  +         Spirit   .     (helmet unavailable)
rElec  .         Dismiss  .     (cloak unavailable)
rCorr  .         Reflect  .     (gloves unavailable)
SustAt .         Harm     .     (boots unavailable)
MR     .....                    j - amulet of magic regeneration
Stlth  ++++......               (no ring)
                                q - ring of poison resistance

@: quick, not resistant to hostile enchantments, stealthy
A: no armour, no weapons or thrown items, claws 1, fangs 3, see invisible,
carnivore 3, speed 1, shaggy fur 1, slow metabolism 1, sharp paws
a: no special abilities


You were on level 4 of the Dungeon.
You were completely stuffed.

You visited 1 branch of the dungeon, and saw 4 of its levels.

You collected 215 gold pieces.

Inventory:

Jewellery
 i - an uncursed amulet of guardian spirit
 j - an amulet of magic regeneration (around neck)
 q - a ring of poison resistance (left paw)
Wands
 u - a wand of iceblast (7/15)
 y - a wand of confusion (31/48)
Scrolls
 c - a scroll of noise {unknown}
 d - a scroll of enchant weapon {unknown}
 e - a scroll of fog {unknown}
 f - 3 scrolls of fear {unknown}
 h - a scroll of amnesia {unknown}
 m - 3 scrolls of identify {unknown}
 n - 2 scrolls of random uselessness {unknown}
 p - 5 scrolls of remove curse {unknown}
 s - a scroll of recharging {unknown}
 t - a scroll of magic mapping {unknown}
 w - a scroll of enchant armour {unknown}
Potions
 k - a potion of brilliance {unknown}
 o - a potion of might {unknown}
 r - a potion of agility {unknown}
 v - a potion of degeneration {unknown}
 x - 2 potions of lignification {unknown}
 z - a potion of mutation {unknown}
Books
 a - a book of Maledictions

   Spells                             Type                      Level
   a - Corona                         Hexes                        1
   b - Ensorcelled Hibernation        Hexes/Ice                    2
   c - Confuse                        Hexes                        3
   d - Tukima's Dance                 Hexes                        3
   e - Dazzling Spray                 Conjuration/Hexes            3
Comestibles
 b - 3 meat rations
 g - a slice of pizza
 l - a chunk of flesh


   Skills:
 + Level 1.4 Fighting
 + Level 3.6 Dodging
 + Level 7.0 Stealth
 + Level 1.8 Unarmed Combat
 + Level 2.9 Spellcasting
 + Level 5.6 Hexes


You had 3 spell levels left.
You knew the following spells:

 Your Spells              Type           Power        Failure   Level  Hunger
a - Corona                Hex            ###....      1%          1    #......
b - Ensorcelled Hibernat  Hex/Ice        ##....       10%         2    ##.....
c - Confuse               Hex            ###.....     8%          3    ###....


Dungeon Overview and Level Annotations

Branches:
Dungeon (4/15)
 Temple: D:4-7

Altars:


Innate Abilities, Weirdness & Mutations

You cannot wear armour.
You are incapable of wielding weapons or throwing items.
You have sharp claws.
You have razor-sharp teeth.
You have supernaturally acute eyesight. (SInv)
You are carnivorous and can eat meat at any time.
You cover ground quickly.
You are covered in fur. (AC +1)
You have a slow metabolism.
Your sharp claws are effective at attacking unaware monsters.


Message History

The orc priest casts a cantrip, but nothing happens.
Unknown command.
You miss the giant newt. The giant newt closely misses you.
You closely miss the giant newt. The giant newt barely misses you.
You closely miss the giant newt. The giant newt completely misses you.
You scratch the giant newt.
You kill the giant newt!
The orc priest calls down the wrath of Beogh upon you.
You struggle to resist.
A quokka and a worm come into view.
You see here a giant newt corpse.
Found a scroll labeled JITAGU CIFREA.
The orc priest mumbles some strange prayers to Beogh against you.
Pain shoots through your body!
Ouch! That really hurt!
Found an escape hatch in the floor.
The orc priest calls down the wrath of Beogh upon you.
Beogh smites you!
Ouch! That really hurt!
You die...

####### ##?....#####
#..........####
#.......o..†..#
#......###.##.####
#................##
#.@........##.#...#
#.......#..####.##......
#.#####.#..>.##w####...#
#.##.#.##.. ##.## #.#
.#.##.# #.# #.# .# # ...
... .... ... .... ###


You could see an orc priest.

Vanquished Creatures
  An ogre (D:4)
  A jelly (D:3)
  A centaur skeleton (D:3)
  Natasha (thrice) (D:2)
  An adder (D:4)
  A worm (D:2)
  2 dart slugs (D:1)
  A giant gecko (D:2)
  An orc (D:3)
  A ball python (D:2)
  6 giant cockroaches
  6 goblins
  4 hobgoblins
  3 jackals (D:2)
  7 bats
  5 giant newts
  5 kobolds
  6 rats
55 creatures vanquished.

Notes
Turn   | Place    | Note
--------------------------------------------------------------
     0 | D:1      | GlassEater the Felid Enchanter began the quest for the Orb.
     0 | D:1      | Reached XP level 1. HP: 7/7 MP: 4/4
   300 | D:1      | Reached XP level 2. HP: 11/11 MP: 6/6
   304 | D:1      | Learned a level 2 spell: Ensorcelled Hibernation
   952 | D:2      | Reached skill level 5 in Hexes
  1007 | D:2      | Reached XP level 3. HP: 14/14 MP: 4/7
  1030 | D:2      | Noticed Natasha
  1035 | D:2      | Killed Natasha
  1035 | D:2      | Reached skill level 5 in Stealth
  1154 | D:2      | Noticed Natasha
  1161 | D:2      | Killed Natasha
  1161 | D:2      | Reached XP level 4. HP: 13/18 MP: 5/8
  1166 | D:2      | Noticed Natasha
  1176 | D:2      | Slain by Natasha
  1177 | D:2      | Reached XP level 3. HP: -3/15 MP: 3/7
  1230 | D:2      | Killed Natasha
  1339 | D:2      | Learned a level 3 spell: Confuse
  1490 | D:2      | Reached XP level 4. HP: 18/18 MP: 0/8
  2229 | D:3      | Reached skill level 1 in Fighting
  2229 | D:3      | Reached skill level 6 in Stealth
  2688 | D:3      | Reached XP level 5. HP: 12/22 MP: 7/9
  2971 | D:4      | Noticed an ogre
  2985 | D:4      | Killed an ogre
  3110 | D:4      | Reached skill level 7 in Stealth
  3217 | D:4      | Killed from afar by an orc priest

Vault maps used:
D:1:      minmay_arrival_doors
D:2:      uniq_natasha
D:3:      first_bread
D:4:      nrook_mini_vaults

Skill      XL: |  1  2  3  4  5 |
---------------+----------------+-----
Dodging        | 3 |  3.6
Hexes          | 5 |  5.6
Stealth        | 5 6 7 |  7.0
Fighting       | 1 |  1.4
Unarmed Combat | |  1.8
Spellcasting   | |  2.9

Action                   |  1- 3 |  4- 6 || total
-------------------------+-------+-------++-------
Melee: Unarmed           |    45 |    39 ||    84
       Bite              |       |     3 ||     3
 Cast: Ensorcelled Hiber |    21 |    15 ||    36
       Confuse           |       |     1 ||     1
 Stab: Sleeping          |    26 |    24 ||    50
       Confused          |       |     1 ||     1
  Eat: Chunk             |    15 |     5 ||    20
Armor: Skin              |     2 |     1 ||     3
Dodge: Dodged            |    28 |    20 ||    48
